 Dungeon Crawl Stone Soup version 0.21-a0-518-g43a1781 (webtiles) character file.

28 Gerstahl the Charlatan (level 2, -1/13 HPs)
             Began as a Felid Artificer on Dec 4, 2017.
             Slain by an iguana (14 damage)
             ... on level 2 of the Dungeon.
             The game lasted 00:04:45 (1723 turns).

Gerstahl the Charlatan (Felid Artificer)            Turns: 1723, Time: 00:04:46

Health: -1/13      AC:  1    Str:  8    XL:     2   Next: 96%
Magic:  5/5        EV: 18    Int: 12    God:
Gold:   85         SH:  0    Dex: 16    Spells: 1/1 levels left
                                        Lives:  0   Deaths: 0

rFire    . . .     SeeInvis +     - Unarmed
rCold    . . .     Gourm    .   (shield unavailable)
rNeg     . . .     Faith    .   (armour unavailable)
rPois    .         Spirit   .   (helmet unavailable)
rElec    .         Reflect  .   (cloak unavailable)
rCorr    .         Harm     .   (gloves unavailable)
MR       .....                  (boots unavailable)
Stlth    +++.......             (no amulet)
HPRegen  0.04/turn              g - ring of see invisible
MPRegen  0.09/turn              h - ring of stealth

@: quick
A: very small, no armour, no weapons or thrown items, stealth, claws 1, fangs 3,
see invisible, carnivore 3, speed 1, shaggy fur 1, slow metabolism 1, sharp paws
a: no special abilities


You were on level 2 of the Dungeon.
You were not hungry.

You visited 1 branch of the dungeon, and saw 2 of its levels.

You collected 85 gold pieces.

Inventory:

Jewellery
 g - a ring of see invisible (left paw)
 h - a ring of stealth (right paw)
Wands
 a - a wand of flame (10)
 b - a wand of enslavement (15)
 c - a wand of random effects (15)
Scrolls
 i - a scroll of amnesia {unknown}
 j - a scroll of fog {unknown}
 l - a scroll of teleportation {unknown}
 m - a scroll of enchant weapon {unknown}
 n - a scroll of remove curse {unknown}
 o - a scroll of blinking {unknown}
Potions
 e - a potion of ambrosia {unknown}
 k - a potion of agility {unknown}
 p - a potion of flight {unknown}
Comestibles
 d - 2 meat rations
 f - a royal jelly


   Skills:
 + Level 1.8 Fighting
 - Level 2.6 Dodging
 - Level 1.3 Stealth
 + Level 1.8 Unarmed Combat
 + Level 3.8 Evocations


You had one spell level left.
You didn't know any spells.

Dungeon Overview and Level Annotations

Branches:
Dungeon (2/15)

Altars:


Innate Abilities, Weirdness & Mutations

You cannot wear armour.
You are incapable of wielding weapons or throwing items.
Your paws allow you to move quietly. (Stealth)
You have sharp claws.
You have razor-sharp teeth.
You have supernaturally acute eyesight. (SInv)
You are carnivorous and can eat meat at any time.
You cover ground quickly.
You are covered in fur. (AC +1)
You have a slow metabolism.
Your sharp claws are effective at attacking unaware monsters.


Message History

You scratch the bat.
You kill the bat!
No target in view!
No target in view!
A worm comes into view.
A worm is nearby!
The worm moves out of view.
No target in view!
No target in view!
No target in view!
No target in view!
An iguana comes into view.
Found an escape hatch in the ceiling.
Found a stone staircase leading up.
The iguana hisses angrily.
The iguana misses you.
You scratch the iguana but do no damage.
The iguana barely misses you. The iguana bites you!
Ouch! That really hurt!
You die...

##### ....# .<. ##########
#.##.l@.....###
#....######...# #.w#####
###.# #......######.##
.................#..#
.................##.#
#.......##.......##.###.#
........................##
..<..##..#.......#####.....


You could see a worm and an iguana.

Vanquished Creatures
  A dart slug (D:1)
  5 bats
  A giant cockroach (D:1)
  4 goblins (D:1)
  5 hobgoblins (D:1)
  2 frilled lizards (D:1)
  2 kobolds (D:1)
  5 rats (D:1)
25 creatures vanquished.

Notes
Turn   | Place    | Note
-------+----------+-------------------------------------------
     0 | D:1      | Gerstahl the Felid Artificer began the quest for the Orb.
     0 | D:1      | Reached XP level 1. HP: 9/9 MP: 4/4
   451 | D:1      | Reached XP level 2. HP: 11/12 MP: 5/5
  1723 | D:2      | Slain by an iguana

Vault maps used:
D:1:      lemuel_arrival_cross, minmay_tree_intersection
D:2:      lemuel_blue_sif_altar, chequers_ecumenical_altar_simple_redux

Action                   || total
-------------------------++-------
Melee: Unarmed           ||    64
       Bite              ||     1
Evoke: Wand              ||     5
 Stab: Sleeping          ||     6
  Eat: Chunk             ||     1
Armor: Skin              ||     4
Dodge: Dodged            ||    49

Table legend:
 A = Spawn XP
 B = Non-spawn XP
 C = Spawn XP percentage of total XP
 D = Spawn monster count
 E = Non-spawn monster count
 F = Spawn count percentage of total count
 G = Total turns spent on level
                    A         B        C        D         E        F      G
               +---------+---------+-------+---------+---------+-------+---------
         Total |       0 |      40 |   0.0 |       0 |      25 |   0.0 |  1723
               +---------+---------+-------+---------+---------+-------+---------
           D:1 |       0 |      39 |   0.0 |       0 |      24 |   0.0 |  1628
           D:2 |       0 |       1 |   0.0 |       0 |       1 |   0.0 |    95
               +---------+---------+-------+---------+---------+-------+---------
